 Dungeon Crawl Stone Soup version 0.21-a0-584-g185da8e (webtiles) character file.

2875 Lanoc the Magician (level 9, 0/66 HPs)
             Began as a Gnoll Fire Elementalist on Dec 21, 2017.
             Was a Believer of Hepliaklqana.
             Slain by a gnoll sergeant
             ... wielding a +3 spear of freezing
              (1 damage)
             ... on level 7 of the Dungeon.
             The game lasted 00:26:39 (5778 turns).

Lanoc the Magician (Gnoll Fire Elementalist)        Turns: 5778, Time: 00:26:40

Health: 0/66       AC:  5    Str: 10    XL:     9   Next: 76%
Magic:  23/28      EV: 16    Int: 21    God:    Hepliaklqana [**....]
Gold:   362        SH:  5    Dex: 16    Spells: 1/21 levels left

rFire    . . .     SeeInvis .   m - +5 dagger (speed)
rCold    . . .     Gourm    .   y - +0 buckler (curse)
rNeg     . . .     Faith    .   a - +0 robe
rPois    .         Spirit   .   (no helmet)
rElec    .         Reflect  .   (no cloak)
rCorr    .         Harm     .   q - +2 pair of gloves {archery}
MR       +....                  (no boots)
Stlth    +++.......             (no amulet)
HPRegen  0.21/turn              l - ring of flight
MPRegen  0.21/turn              w - ring of magical power

@: no status effects
A: distributed training, reduced essence, fangs 1, magic resistance 1, robust 1,
strong nose
a: Recall Ancestor, Ancestor Identity, Renounce Religion, Evoke Flight


You were on level 7 of the Dungeon.
You worshipped Hepliaklqana.
Hepliaklqana was pleased with you.
You were not hungry.

You visited 2 branches of the dungeon, and saw 8 of its levels.

You collected 362 gold pieces.

Inventory:

Hand Weapons
 i - a +3 falchion of holy wrath
 m - a +5 dagger of speed (weapon)
 n - a +0 scythe
Missiles
 f - 32 arrows
 j - 27 bolts
Armour
 a - a +0 robe (worn)
 g - the +1 ring mail of Proximity {rF+ rN+ MR+ Dex+3}
   (You found it on level 4 of the Dungeon)

   It affects your dexterity (+3).
   It protects you from fire.
   It protects you from negative energy.
   It affects your resistance to hostile enchantments.
 q - a +2 pair of gloves of archery (worn)
 y - a cursed +0 buckler (worn)
Jewellery
 l - a ring of flight (left hand)
 w - a ring of magical power (right hand)
Scrolls
 p - a scroll of amnesia
 t - 2 scrolls of fear
 u - a scroll of remove curse
 A - a scroll of brand weapon {unknown}
Potions
 d - a potion of cancellation
 e - 2 potions of curing
 h - a potion of magic
 k - a potion of ambrosia
 o - 2 potions of heal wounds
 r - 2 potions of brilliance {unknown}
 z - a potion of agility {unknown}
Books
 b - a book of Flames

   Spells                             Type                      Level
   a - Flame Tongue                   Conjuration/Fire             1
   b - Throw Flame                    Conjuration/Fire             2
   c - Conjure Flame                  Conjuration/Fire             3
   d - Inner Flame                    Hexes/Fire                   3
   e - Sticky Flame                   Conjuration/Fire             4
   f - Fireball                       Conjuration/Fire             5
 v - the Collected Works on Twisted Slavery
   (You found it on level 5 of the Dungeon)

   Spells                             Type                      Level
   a - Teleport Other                 Translocation                3
   b - Summon Lightning Spire         Summoning/Air                4
   c - Shadow Creatures               Summoning                    6
 x - a book of Minor Magic

   Spells                             Type                      Level
   a - Magic Dart                     Conjuration                  1
   b - Blink                          Translocation                2
   c - Call Imp                       Summoning                    2
   d - Slow                           Hexes                        2
   e - Conjure Flame                  Conjuration/Fire             3
   f - Mephitic Cloud                 Conjuration/Poison/Air       3
Comestibles
 c - 8 rations
 s - 5 chunks of flesh


   Skills:
 + Level 4.4 Fighting
 + Level 4.4 Short Blades
 + Level 4.4 Long Blades
 + Level 4.4 Axes
 + Level 4.4 Maces & Flails
 + Level 4.4 Polearms
 + Level 4.4 Staves
 + Level 4.4 Slings
 + Level 4.4 Bows
 + Level 4.4 Crossbows
 + Level 4.4 Throwing
 + Level 4.4 Armour
 + Level 6.5 Dodging
 + Level 6.2 Stealth
 + Level 4.4 Shields
 + Level 4.4 Unarmed Combat
 + Level 6.8 Spellcasting
 + Level 4.3 Conjurations
 + Level 3.7 Hexes
 + Level 3.7 Charms
 + Level 3.7 Summonings
 + Level 3.7 Necromancy
 + Level 3.7 Translocations
 + Level 3.7 Transmutations
 + Level 6.6 Fire Magic
 + Level 3.7 Ice Magic
 + Level 3.7 Air Magic
 + Level 3.7 Earth Magic
 + Level 3.7 Poison Magic
 + Level 4.9 Invocations
 + Level 4.4 Evocations


You had one spell level left.
You knew the following spells:

 Your Spells              Type           Power        Failure   Level  Hunger
a - Flame Tongue          Conj/Fire      ####.        1%          1    None
b - Throw Flame           Conj/Fire      ####..       1%          2    None
c - Inner Flame           Hex/Fire       ####....     3%          3    #......
d - Sticky Flame          Conj/Fire      ####....     10%         4    ###....
e - Fireball              Conj/Fire      ####......   26%         5    #####..
f - Call Imp              Summ           ###.....     3%          2    None
g - Mephitic Cloud        Conj/Pois/Air  ###.....     5%          3    #......


Dungeon Overview and Level Annotations

Branches:
Dungeon (7/15)             Temple (1/1) D:6

Altars:
Ashenzari
Cheibriados
Dithmenos
Fedhas
Gozag
Hepliaklqana
Kikubaaqudgha
Makhleb
Nemelex Xobeh
Okawaru
Qazlal
Ru
Trog
Uskayaw
Vehumet
Wu Jian
Xom
Yredelemnul
The Shining One
Jiyva

Shops:
D:4 [   D:6 (   D:7 =

Annotations:
D:7 1 runed door


Innate Abilities, Weirdness & Mutations

Your experience applies equally to all skills.
You have very sharp teeth.
Your uncanny sense of smell can sniff out nearby items.
Your life essence is reduced to manifest your ancestor. (-10% HP)
You are resistant to hostile enchantments. (MR+)
You are robust. (+10% HP)


Message History

The gnoll sergeant hits you with a spear of freezing!
* * * LOW HITPOINT WARNING * * *
The gnoll sergeant freezes you.
* * * LOW HITPOINT WARNING * * *
The gnoll sergeant blocks Tlalli's attack.
The gnoll sergeant hits you from afar with a spear of freezing!
* * * LOW HITPOINT WARNING * * *
The gnoll sergeant freezes you.
* * * LOW HITPOINT WARNING * * *
Casting: Throw Flame
Confirm with . or Enter, or press ? or * to list all spells.
Aiming: Throw Flame
Press: ? - help, Shift-Dir - straight line, f/p - gnoll sergeant
Aim: a gnoll sergeant, wielding a spear of freezing, wearing a ring mail and wearing a buckler (almost dead)
The gnoll sergeant blocks the puff of flame.
The gnoll sergeant blocks Tlalli's attack.
The gnoll sergeant hits you from afar with a spear of freezing.
* * * LOW HITPOINT WARNING * * *
The gnoll sergeant freezes you.
You die...

#...#..###.#......#......#
#......##..#......#.####..
#.....##.###......#.# ##.#
#....##..# #........###..#
#...##...# #......####..##
#..##....###......# #.##.
#.##.......###....####....
###......#................
..#......@..............#.
._.#######.###...######.###
#...#....).g# #.... #..#.
.######....R)# #### ##...
.##.#..##.....# ##.# ∆.#
..#.. ##...## .. ##..# #.
##.# ###


You could see the friendly Tlalli the knight and a gnoll sergeant.

Vanquished Creatures
  Sigmund (D:2)
  Eustachio (D:4)
  A sky beast (D:6)
  An orc warrior (D:6)
  An ice beast (D:7)
  An ogre (D:6)
  2 bullfrogs
  Dowan (D:4)
  A water moccasin zombie (D:5)
  3 scorpions
  4 wights (D:5)
  A jelly (D:5)
  2 centaur skeletons
  5 hounds
  5 orc wizards
  4 orc priests
  An iguana (D:7)
  3 worker ants
  2 gnolls (D:7)
  6 adders
  2 oozes
  2 worms (D:2)
  5 dart slugs
  3 leopard geckos
  9 orcs
  A ball python (D:5)
  7 giant cockroaches
  4 goblins
  5 hobgoblins
  13 jackals
  2 quokkas
  7 bats
  3 frilled lizards
  7 kobolds
  A leopard gecko skeleton (D:4)
  4 rats
121 creatures vanquished.

Vanquished Creatures (collateral kills)
  Prince Ribbit (D:7)
  Duvessa (D:4)
  2 sky beasts (D:7)
  2 bullfrogs
  A scorpion (D:4)
  A wight (D:5)
  A howler monkey (D:6)
  A hound (D:7)
  A bullfrog skeleton (D:7)
  2 iguanas (D:6)
  A worker ant (D:4)
  A gnoll (D:7)
  An ooze (D:5)
  2 worms
  3 orcs
  3 jackals
  A kobold (D:3)
  2 quokkas
  A goblin (D:3)
  A rat (D:3)
  3 fungi (D:3)
32 creatures vanquished.

Vanquished Creatures (others)
  3 ancestors
3 creatures vanquished.

Grand Total: 156 creatures vanquished

Notes
Turn   | Place    | Note
-------+----------+-------------------------------------------
     0 | D:1      | Lanoc the Gnoll Fire Elementalist began the quest for the Orb.
     0 | D:1      | Reached XP level 1. HP: 13/13 MP: 6/6
   211 | D:1      | Reached XP level 2. HP: 18/19 MP: 1/7
   380 | D:1      | Reached XP level 3. HP: 25/25 MP: 1/9
   441 | D:1      | Reached skill level 5 in Spellcasting
   546 | D:1      | Learned a level 2 spell: Throw Flame
   717 | D:1      | Learned a level 3 spell: Inner Flame
   925 | D:2      | Reached skill level 1 in Invocations
  1177 | D:2      | Reached skill level 1 in Fighting
  1177 | D:2      | Reached skill level 1 in Short Blades
  1177 | D:2      | Reached skill level 1 in Long Blades
  1177 | D:2      | Reached skill level 1 in Axes
  1177 | D:2      | Reached skill level 1 in Maces & Flails
  1177 | D:2      | Reached skill level 1 in Polearms
  1177 | D:2      | Reached skill level 1 in Staves
  1177 | D:2      | Reached skill level 1 in Slings
  1177 | D:2      | Reached skill level 1 in Bows
  1177 | D:2      | Reached skill level 1 in Crossbows
  1177 | D:2      | Reached skill level 1 in Throwing
  1177 | D:2      | Reached skill level 1 in Armour
  1177 | D:2      | Reached skill level 1 in Shields
  1177 | D:2      | Reached skill level 1 in Unarmed Combat
  1177 | D:2      | Reached skill level 1 in Evocations
  1177 | D:2      | Reached XP level 4. HP: 26/32 MP: 0/11
  1195 | D:2      | Noticed Sigmund
  1260 | D:2      | Learned a level 4 spell: Sticky Flame
  1527 | D:2      | Killed Sigmund
  1527 | D:2      | Reached skill level 1 in Hexes
  1527 | D:2      | Reached skill level 1 in Charms
  1527 | D:2      | Reached skill level 1 in Summonings
  1527 | D:2      | Reached skill level 1 in Necromancy
  1527 | D:2      | Reached skill level 1 in Translocations
  1527 | D:2      | Reached skill level 1 in Transmutations
  1527 | D:2      | Reached skill level 1 in Ice Magic
  1527 | D:2      | Reached skill level 1 in Air Magic
  1527 | D:2      | Reached skill level 1 in Earth Magic
  1527 | D:2      | Reached skill level 1 in Poison Magic
  1527 | D:2      | Reached XP level 5. HP: 23/38 MP: 1/12
  1527 | D:2      | Reached XP level 6. HP: 27/44 MP: 1/13
  1742 | D:2      | Gained mutation: Your spells are a little easier to cast, but a little less powerful. [potion of mutation]
  1742 | D:2      | Gained mutation: You are weak. (Str -2) [potion of mutation]
  1742 | D:2      | Gained mutation: Your body sometimes deteriorates upon taking damage. [potion of mutation]
  1742 | D:2      | Lost mutation: You are weak. (Str -2) [potion of mutation]
  1743 | D:2      | Lost mutation: Your spells are a little easier to cast, but a little less powerful. [potion of mutation]
  1743 | D:2      | Lost mutation: Your body sometimes deteriorates upon taking damage. [potion of mutation]
  1743 | D:2      | Gained mutation: You are resistant to hostile enchantments. (MR+) [potion of mutation]
  1743 | D:2      | Gained mutation: You are robust. (+10% HP) [potion of mutation]
  1857 | D:3      | Learned a level 5 spell: Fireball
  1936 | D:3      | Found a hide-covered altar of Uskayaw.
  1938 | D:3      | Found a shimmering altar of Xom.
  1941 | D:3      | Found a stormy altar of Qazlal.
  1944 | D:3      | Found an ornate altar of the Wu Jian Council.
  1944 | D:3      | Found a sacrificial altar of Ru.
  1956 | D:3      | Found a hazy altar of Hepliaklqana.
  1957 | D:3      | Found a sparkling altar of Nemelex Xobeh.
  1962 | D:3      | Became a worshipper of Hepliaklqana the Forgotten
  2636 | D:4      | Got a heavily runed ring mail
  2654 | D:4      | Identified the cursed +1 ring mail of Proximity {rF+ rN+ MR+ Dex+3} (You found it on level 4 of the Dungeon)
  2657 | D:4      | Found a blossoming altar of Fedhas.
  2686 | D:4      | Reached skill level 5 in Dodging
  2695 | D:4      | Noticed Eustachio
  2742 | D:4      | Killed Eustachio
  2742 | D:4      | Reached XP level 7. HP: 33/50 MP: 7/15
  2832 | D:4      | Noticed Duvessa
  2845 | D:4      | Noticed Dowan
  2859 | D:4      | Killed Duvessa
  2863 | D:4      | Killed Dowan
  2973 | D:4      | Reached skill level 5 in Stealth
  3355 | D:4      | Reached XP level 8. HP: 55/57 MP: 16/16
  3446 | D:4      | Found Jitafo's Armour Boutique.
  3669 | D:5      | Entered Level 5 of the Dungeon
  3695 | D:5      | Reached * piety under Hepliaklqana
  4108 | D:5      | Identified the Collected Works on Twisted Slavery
  4322 | D:5      | Found a snail-covered altar of Cheibriados.
  4543 | D:6      | Found Asuw's Antique Weapon Shop.
  4550 | D:6      | Found a staircase to the Ecumenical Temple.
  4592 | Temple   | Entered the Ecumenical Temple
  4703 | D:6      | Reached ** piety under Hepliaklqana
  4704 | D:6      | Remembered your ancestor Tlalli as a knight
  4766 | D:6      | Reached XP level 9. HP: 62/65 MP: 16/18
  4802 | D:6      | Found an opulent altar of Gozag.
  4807 | D:6      | Learned a level 2 spell: Call Imp
  5414 | D:7      | Noticed Prince Ribbit
  5425 | D:7      | Killed Prince Ribbit
  5517 | D:7      | Found Sim Wolueng's Jewellery Shop.
  5603 | D:7      | Found a runed door.
  5650 | D:7      | Learned a level 3 spell: Mephitic Cloud
  5729 | D:7      | Found a shattered altar of Ashenzari.
  5778 | D:7      | HP: 1/66 [gnoll sergeant/spear of freezing (4)]
  5778 | D:7      | Slain by a gnoll sergeant

Vault maps used:
D:1:      dpeg_arrival_castle
D:2:      eino_tiny_chamber, uniq_sigmund
D:3:      lemuel_upstairs_altar, minitemple, first_ration, nrook_mini_backslash,
          minmay_gold_behind_fungi, hangedman_feature_mirror
D:4:      kennysheep_little_box, kennysheep_windowed_goal, uniq_eustachio,
          uniq_duvessa
D:5:      nicolae_overflow_crystal_walls, feat_on_display
D:6:      minmay_temple_entry_grid, serial_shops, nicolae_shop_behind_doors,
          grunt_gozag_breadcrumbs
D:7:      cheibrodos_quashed, serial_shops, kennysheep_mini_moat,
          minmay_strange_pillars, nicolae_ashenzari_panopticon,
          uniq_prince_ribbit1, uniq_crazy_yiuf_cottage
Temple:   pf_slime_end_temple

Skill      XL: |  1  2  3  4  5  6  7  8  9 |
---------------+----------------------------+-----
Conjurations   | 2 3 4 |  4.3
Spellcasting   | 5 6 |  6.8
Invocations    | 1 2 3 4 |  4.9
Fighting       | 1 2 3 4 |  4.4
Short Blades   | 1 2 3 4 |  4.4
Long Blades    | 1 2 3 4 |  4.4
Axes           | 1 2 3 4 |  4.4
Maces & Flails | 1 2 3 4 |  4.4
Polearms       | 1 2 3 4 |  4.4
Staves         | 1 2 3 4 |  4.4
Slings         | 1 2 3 4 |  4.4
Bows           | 1 2 3 4 |  4.4
Crossbows      | 1 2 3 4 |  4.4
Throwing       | 1 2 3 4 |  4.4
Armour         | 1 2 3 4 |  4.4
Shields        | 1 2 3 4 |  4.4
Unarmed Combat | 1 2 3 4 |  4.4
Evocations     | 1 2 3 4 |  4.4
Hexes          | 1 2 3 |  3.7
Charms         | 1 2 3 |  3.7
Summonings     | 1 2 3 |  3.7
Necromancy     | 1 2 3 |  3.7
Translocations | 1 2 3 |  3.7
Transmutations | 1 2 3 |  3.7
Ice Magic      | 1 2 3 |  3.7
Air Magic      | 1 2 3 |  3.7
Earth Magic    | 1 2 3 |  3.7
Poison Magic   | 1 2 3 |  3.7
Dodging        | 5 6 |  6.5
Stealth        | 5 6 |  6.2
Fire Magic     | 6 |  6.6

Action                   |  1- 3 |  4- 6 |  7- 9 || total
-------------------------+-------+-------+-------++-------
Melee: Unarmed           |    13 |       |       ||    13
       Bite              |     1 |     9 |    17 ||    27
       Punch             |     1 |       |     1 ||     2
       Scythe            |       |    78 |    72 ||   150
       Dagger            |       |       |   141 ||   141
 Cast: Flame Tongue      |    40 |    16 |    22 ||    78
       Throw Flame       |    18 |    12 |    38 ||    68
       Sticky Flame      |       |     2 |     2 ||     4
       Fireball          |       |       |     2 ||     2
Invok: Recall Ancestor   |       |     1 |       ||     1
       Ancestor Life: Kn |       |       |     1 ||     1
  Use: Scroll            |       |    10 |     4 ||    14
       Potion            |       |     4 |     2 ||     6
 Stab: Sleeping          |       |     2 |    13 ||    15
       Distracted        |       |       |     1 ||     1
  Eat: Chunk             |     1 |     4 |    12 ||    17
Armor: Robe              |     2 |     6 |    22 ||    30
       Ring mail         |       |    54 |    32 ||    86
Dodge: Dodged            |    22 |   174 |   118 ||   314
Block: Buckler           |       |       |     9 ||     9

Table legend:
 A = Spawn XP
 B = Non-spawn XP
 C = Spawn XP percentage of total XP
 D = Spawn monster count
 E = Non-spawn monster count
 F = Spawn count percentage of total count
 G = Total turns spent on level
                    A         B        C        D         E        F      G
               +---------+---------+-------+---------+---------+-------+---------
         Total |       0 |    4108 |   0.0 |       0 |     150 |   0.0 |  5778
               +---------+---------+-------+---------+---------+-------+---------
           D:1 |       0 |      41 |   0.0 |       0 |      21 |   0.0 |   780
           D:2 |       0 |     309 |   0.0 |       0 |      20 |   0.0 |   983
           D:3 |       0 |      43 |   0.0 |       0 |      16 |   0.0 |   858
           D:4 |       0 |     996 |   0.0 |       0 |      25 |   0.0 |  1048
           D:5 |       0 |     744 |   0.0 |       0 |      19 |   0.0 |   868
           D:6 |       0 |     944 |   0.0 |       0 |      21 |   0.0 |   537
           D:7 |       0 |    1031 |   0.0 |       0 |      28 |   0.0 |   599
               +---------+---------+-------+---------+---------+-------+---------
